 Dungeon Crawl Stone Soup version 0.23.2-40-g277498a001 (webtiles) character file.

Game seed: 6007771954710493150

64 Folks the Conjurer (level 3, -2/26 HPs)
             Began as a Demigod Conjurer on Aug 19, 2019.
             Slain by a gnoll
             ... wielding a +0 spear
              (5 damage)
             ... on level 2 of the Dungeon.
             The game lasted 00:05:08 (1887 turns).

Folks the Conjurer (Demigod Conjurer)               Turns: 1887, Time: 00:05:09

Health: -2/26      AC:  3    Str: 11    XL:     3   Next: 64%
Magic:  9/10       EV: 12    Int: 21    God:
Gold:   82         SH:  0    Dex: 16    Spells: 2/8 levels left

rFire    . . .     SeeInvis .   j - +1 spear (freeze)
rCold    . . .     Gourm    .   (no shield)
rNeg     . . .     Faith    .   a - +1 robe
rPois    .         Spirit   .   (no helmet)
rElec    .         Reflect  .   (no cloak)
rCorr    .         Harm     .   (no gloves)
MR       .....                  (no boots)
Stlth    ++........             (no amulet)
HPRegen  0.08/turn              (no ring)
MPRegen  0.12/turn              (no ring)

@: no status effects
A: high mp 1
a: no special abilities


You were on level 2 of the Dungeon.
You were hungry.

You visited 1 branch of the dungeon, and saw 2 of its levels.

You collected 82 gold pieces.

Inventory:

Hand Weapons
 d - a +0 dagger
 f - a +0 short sword
 j - a +1 spear of freezing (weapon)
Armour
 a - a +1 robe (worn)
Jewellery
 b - a +3 ring of intelligence {unknown}
Scrolls
 e - 2 scrolls of magic mapping {unknown}
 g - a scroll of identify
 h - a scroll of noise {unknown}
 i - a scroll of enchant armour
Comestibles
 c - 6 rations


   Skills:
 - Level 1.7 Dodging
 - Level 1.7 Stealth
 * Level 3.1 Spellcasting
 + Level 4.1 Conjurations


You had 2 spell levels left.
You knew the following spells:

 Your Spells              Type           Power        Failure   Level  Hunger
a - Magic Dart            Conj           ###.         2%          1    None
b - Searing Ray           Conj           ###...       3%          2    ##.....
c - Dazzling Spray        Conj/Hex       ##....       17%         3    ###....

Your spell library contained the following spells:

 Spells                   Type           Power        Failure   Level  Hunger
 Iskenderun's Mystic Bla  Conj           ###.....     24%         4    ####...
 Force Lance              Conj/Tloc      ##......     50%         4    ####...
 Fulminant Prism          Conj/Hex       ##........   50%         4    ####...


Dungeon Overview and Level Annotations

Branches:
Dungeon (2/15)


Innate Abilities, Weirdness & Mutations

You have an increased reservoir of magic. (+10% MP)


Message History

The gnoll shouts!
The gnoll hits you with a +0 spear.
* * * LOW HITPOINT WARNING * * *
Casting: Searing Ray (safe; 3% risk of failure)
Confirm with . or Enter, or press ? or * to list all spells.
Aiming: Dazzling Spray (safe; 17% risk of failure)
Press: ? - help, Shift-Dir - straight line, f/p - gnoll
Aim: a gnoll, wielding a +0 spear The spray of energy misses the gnoll.
The gnoll hits you with a +0 spear.
* * * LOW HITPOINT WARNING * * *
You aren't carrying any potions.
As you read the scroll labeled DOISEHIECK, it crumbles to dust.
It is a scroll of enchant armour.
Your +0 robe glows green for a moment.
The gnoll misses you.
Okay, then.
The gnoll hits you from afar with a +0 spear.
* * * LOW HITPOINT WARNING * * *
There is a stone staircase leading up here.
The gnoll hits you from afar with a +0 spear.
You die...

#####g## #.#
#....≈≈≈≈≈≈≈≈≈ #....#.#
#.####....≈≈≈≈≈≈≈≈≈
#.###.##
#........≈≈≈≈≈≈≈≈≈≈ #.#
### #.<####....≈..≈≈...
#g# #..####.≈≈.≈..≈.≈..
#.# #...........#######
#.# ##.#######.##
#.##########.# ###.###
#.......g.g.@# #.....#
###########.[#####.....###
#..............#
#.######.....#.#### #.#
#...........
#.############.....
#..........# ######
##########.# #.#


You could see 2 gnolls.

Vanquished Creatures
  A gnoll (D:2)
  2 worms (D:2)
  A leopard gecko (D:1)
  An orc (D:2)
  A giant cockroach (D:1)
  9 goblins
  4 hobgoblins
  7 kobolds
  8 bats
  4 frilled lizards
  7 rats
45 creatures vanquished.

Notes
Turn   | Place    | Note
-------+----------+-------------------------------------------
     0 | D:1      | Folks the Demigod Conjurer began the quest for the Orb.
     0 | D:1      | Reached XP level 1. HP: 14/14 MP: 5/5
   115 | D:1      | Reached XP level 2. HP: 13/20 MP: 3/7
   573 | D:1      | Learned a level 2 spell: Searing Ray
  1081 | D:2      | Found a faded altar of an unknown god.
  1093 | D:2      | Reached XP level 3. HP: 22/26 MP: 5/9
  1098 | D:2      | Learned a level 3 spell: Dazzling Spray
  1102 | D:2      | Reached skill level 4 in Conjurations
  1706 | D:2      | Found a glowing silver altar of Zin.
  1862 | D:2      | HP: 1/26 [gnoll/+0 spear (2)]
  1887 | D:2      | Slain by a gnoll

Skill      XL: |  1  2  3 |
---------------+----------+-----
Spellcasting   | 2 3 |  3.1
Conjurations   | 4 |  4.1
Dodging        | |  1.7
Stealth        | |  1.7

Action                   || total
-------------------------++-------
Melee: Dagger            ||    11
       Short sword       ||    67
       Spear             ||     1
 Cast: Magic Dart        ||    24
       Searing Ray       ||     7
       Dazzling Spray    ||     2
  Use: Scroll            ||     3
 Stab: Sleeping          ||     4
       Distracted        ||     1
  Eat: Chunk             ||     3
Armor: Robe              ||    31
Dodge: Dodged            ||    84
